 Dungeon Crawl Stone Soup version 0.19-a0-687-g35db334 (webtiles) character file.

114 qqqbard the Twirler (level 4, -8/23 HPs)
             Began as a Vine Stalker Gladiator on June 18, 2016.
             Mangled by an ogre
             ... wielding a +0 giant spiked club
              (9 damage)
             ... on level 3 of the Dungeon.
             The game lasted 00:06:53 (1588 turns).

qqqbard the Twirler (Vine Stalker Gladiator)        Turns: 1588, Time: 00:06:54

Health: -8/23      AC:  9    Str: 17 (19) XL:     4   Next: 97%
Magic:  0/18       EV:  8    Int: 10 (13) God:
Gold:   146        SH:  0    Dex: 13 (14) Spells: 0 memorised, 3 levels left

rFire  . . .     SeeInvis .     a - +0 quarterstaff
rCold  . . .     Gourm    .     x - +0 chain mail
rNeg   . . .     Faith    .     (shield currently unavailable)
rPois  .         Spirit   +     t - +0 Maxwell's etheric cage {RegenMP+ *Contam rElec MP+4}
rElec  +         Dismiss  .     (no cloak)
rCorr  .         Reflect  .     (no gloves)
SustAt .         Harm     .     (no boots)
MR     .....                    (no amulet)
Stlth  ..........               (no ring)
                                e - ring of magical power

@: brilliant, not resistant to hostile enchantments, extremely unstealthy
A: fangs 2, regeneration 1, magic shield, antimagic bite, no device heal 3, rot
immunity
a: no special abilities


You were on level 3 of the Dungeon.
You were not hungry.

You visited 1 branch of the dungeon, and saw 3 of its levels.

You collected 146 gold pieces.

Inventory:

Hand Weapons
 a - a +0 quarterstaff (weapon)
Missiles
 d - 5 throwing nets (quivered)
Armour
 t - the +0 Maxwell's etheric cage (worn) {RegenMP+ *Contam rElec MP+4}
   (You took it off Robin on level 2 of the Dungeon)

   It insulates you from electricity.
   It affects your magic capacity (+4).
   It causes magical contamination when unequipped.
 x - a +0 chain mail (worn)
Jewellery
 e - a ring of magical power (left hand)
 w - an uncursed ring of resist corrosion {unknown}
Scrolls
 n - a scroll of enchant armour {unknown}
 q - a scroll of recharging {unknown}
Potions
 k - a potion of degeneration
 o - a potion of might {unknown}
 p - a potion of invisibility {unknown}
Comestibles
 f - 2 bread rations
 m - 3 fruits
 r - 2 beef jerkies
 s - 2 slices of pizza
 u - a chunk of flesh


   Skills:
 - Level 1.7 Fighting
 * Level 4.2 Staves
 - Level 1.7 Throwing
 + Level 2.0 Armour
 - Level 2.4 Dodging


You had 3 spell levels left.
You didn't know any spells.

Dungeon Overview and Level Annotations

Branches:
Dungeon (3/15)

Altars:
Ru


Innate Abilities, Weirdness & Mutations

You have extremely sharp teeth.
Your natural rate of healing is unusually fast.
When hurt, damage is shared between your health and your magic reserves.
Your bite disrupts and absorbs the magic of your enemies.
Potions and wands cannot restore your health.
You are immune to rotting.


Message History

You are lethally poisoned!
The adder poisons you!
* * * LOW HITPOINT WARNING * * *
You feel sick.
* * * LOW HITPOINT WARNING * * *
You feel sick.
Eat which item? (? for menu, Esc to quit)
Okay, then.
It was a potion of degeneration.
There was something very wrong with that liquid.
You feel weakened.
You feel dopey.
You feel clumsy.
The adder bites you but does no damage. x2
It was a potion of brilliance.
You feel clever all of a sudden.
* * * LOW HITPOINT WARNING * * *
You feel sick. The ogre barely misses you.
The adder bites you but does no damage.
It was a potion of curing.
You feel better. The adder bites you.
The ogre hits you with a giant spiked club!
You die...

############## #...[........#
##### #.####.......# #...# #[#
#..@O...# #...# #.# ####S...#
#...# #######.#### #.)).#
#...# ...........# #....#
#...#### .######.#.## #....#
#......# #<#.# #....#####....#
#.#.# #.............#
#.######.#.########..........#
#).......>...........<.......+


You could see an ogre and an adder.

Vanquished Creatures
  Robin (D:2)
  3 adders
  An ooze (D:2)
  A worm (D:3)
  2 dart slugs
  2 giant geckos
  An orc (D:3)
  3 giant cockroaches
  9 goblins (D:2)
  13 hobgoblins
  A ball python (D:2)
  7 bats
  6 giant newts
  5 kobolds
  4 rats
59 creatures vanquished.

Notes
Turn   | Place    | Note
--------------------------------------------------------------
     0 | D:1      | qqqbard the Vine Stalker Gladiator began the quest for the Orb.
     0 | D:1      | Reached XP level 1. HP: 11/11 MP: 2/2
   155 | D:1      | Reached skill level 3 in Staves
   212 | D:1      | Reached XP level 2. HP: 15/15 MP: 3/3
   688 | D:1      | Reached skill level 1 in Armour
   730 | D:2      | Found a faded altar of an unknown god.
   760 | D:2      | Found a sacrificial altar of Ru.
   779 | D:2      | Reached XP level 3. HP: 18/18 MP: 4/4
   901 | D:2      | Noticed Robin
   934 | D:2      | Killed Robin
   983 | D:2      | Reached XP level 4. HP: 19/23 MP: 5/5
  1263 | D:2      | Reached skill level 4 in Staves
  1564 | D:3      | Noticed an ogre
  1585 | D:3      | HP: 1/23 [poisoned by an adder]
  1588 | D:3      | Mangled by an ogre

Vault maps used:
D:1:      elethiomel_arrival_shortcut, hangedman_decor_lopped,
          serial_bayou_ford_a
D:2:      old_standard_altar, ecumenical_altar_2, uniq_robin

Skill      XL: |  1  2  3  4 |
---------------+-------------+-----
Staves         | 3 4 |  4.2
Armour         | 1 2 |  2.0
Fighting       | |  1.7
Throwing       | |  1.7
Dodging        | |  2.4

Action                   |  1- 3 |  4- 6 || total
-------------------------+-------+-------++-------
Melee: Quarterstaff      |    99 |    60 ||   159
       Bite              |    24 |    24 ||    48
  Use: Scroll            |       |     4 ||     4
       Potion            |       |     3 ||     3
  Eat: Chunk             |       |     2 ||     2
Armor: Leather armour    |    28 |     9 ||    37
       Chain mail        |       |    16 ||    16
Dodge: Dodged            |    73 |    35 ||   108
